 Dungeon Crawl Stone Soup version 0.28-a0-206-gc2c9e32840 (webtiles) character file.

Game seed: 8091369939040573280

200 lmSkywalker the Magician (level 6, 0/40 HPs)
             Began as a Djinni Necromancer on Aug 20, 2021.
             Was an Elder of Uskayaw.
             Slain by a gnoll (5 damage)
             ... on level 4 of the Dungeon.
             The game lasted 00:12:14 (4997 turns).

lmSkywalker the Magician (Djinni Necromancer)       Turns: 4997, Time: 00:12:15

Health: 0/40       AC:  2    Str: 13    XL:     6   Next: 6%
Gold:   136        EV: 12    Int: 19    God:    Uskayaw [****..] SH:  0 Dex: 13

rFire   + + .      SeeInvis .   d - +0 dagger (freeze)
rCold   . . .      Faith    .   (no shield)
rNeg    . . .      Spirit   .   a - +0 robe
rPois   ∞          Reflect  .   (no helmet)
rElec   .          Harm     .   (no cloak)
rCorr   .          Rampage  .   (no gloves)
Will    .....                   (boots unavailable)
Stlth   ++........              (no amulet)
HPRegen 0.13/turn               h - ring of protection from cold
MPRegen 0.00/turn               j - +6 ring of strength

@: flying, very slightly contaminated
A: sickness immunity, fire resistance 2, cold vulnerability 1, float, innate
caster, hp casting, extra vitality 1
a: Renounce Religion, Stomp, Line Pass


You were on level 4 of the Dungeon.
You worshipped Uskayaw.
Uskayaw was noncommittal.
You visited 1 branch of the dungeon, and saw 4 of its levels.

You collected 136 gold pieces.

Inventory:

Hand Weapons
 d - a +0 dagger of freezing (weapon)
Armour
 a - a +0 robe (worn)
 l - a +0 pair of gloves
Jewellery
 h - a ring of protection from cold (left hand)
 j - a +6 ring of strength (right hand)
 k - an amulet of the acrobat
Scrolls
 b - a scroll of noise
 f - a scroll of magic mapping
Potions
 c - 2 potions of brilliance
 e - 2 potions of might
 i - a potion of resistance
 m - a potion of lignification


   Skills:
 - Level 2.1 Dodging
 - Level 1.5 Stealth
 + Level 5.3 Spellcasting


You couldn't memorise any spells.
You knew the following spells:

 Your Spells              Type           Power      Damage    Failure   Level
a - Pain                  Necr           100%       1d9       1%          1
b - Animate Skeleton      Necr           50%        N/A       1%          1
c - Vampiric Draining     Necr           12%        2d7       4%          3
d - Animate Dead          Necr           12%        N/A       13%         4
e - Agony                 Necr           25%        N/A       36%         5
f - Magic Dart            Conj           100%       1d8       1%          1
g - Searing Ray           Conj           50%        3d5       1%          2
Your spell library was empty.

Dungeon Overview and Level Annotations

Branches:
Dungeon (4/15)
 Temple: D:4-7

Altars:
Elyvilon
Gozag
Nemelex Xobeh
Uskayaw

Shops:
D:4 *

Annotations:
D:4 Edmund


Innate Abilities, Weirdness & Mutations

You are immune to sickness and miasma.
You are immune to poison.
Your flesh is very heat resistant. (rF++)
You are vulnerable to cold. (rC-)
You float through the air rather than walking.
You learn spells naturally, not from books.
Your magical power is your life essence.
You have superior vitality. (+4 HP)


Message History

The gnoll hits you with a +0 spear.
* * * LOW HITPOINT WARNING * * *
Casting: Vampiric Draining (dangerous; 4% risk of failure)
Confirm with . or Enter, or press ? or * to list all spells.
Aiming: Vampiric Draining (dangerous; 4% risk of failure)
Press: ? - help, Shift-Dir - straight line, f/p - gnoll
Aim: a gnoll, wielding a +0 spear (moderately wounded, fast)
You draw life force from the gnoll!
You kill the gnoll!
You feel life coursing into your body.
* * * LOW HITPOINT WARNING * * *
Uskayaw will force your foes to share their pain.
Casting: Vampiric Draining (dangerous; 4% risk of failure)
Confirm with . or Enter, or press ? or * to list all spells.
Aiming: Vampiric Draining (dangerous; 4% risk of failure)
Press: ? - help, Shift-Dir - straight line, f - gnoll
Aim: a gnoll, wielding a +0 club You miscast Vampiric Draining.
You are very lightly contaminated with residual magic.
Nothing appears to happen.
* * * LOW HITPOINT WARNING * * *
The gnoll hits you with a +0 club.
* * * LOW HITPOINT WARNING * * *
Casting: Vampiric Draining (dangerous; 4% risk of failure)
Confirm with . or Enter, or press ? or * to list all spells.
Aiming: Vampiric Draining (dangerous; 4% risk of failure)
Press: ? - help, Shift-Dir - straight line, f/p - gnoll
Aim: a gnoll, wielding a +0 club You draw life force from the gnoll.
You feel life coursing into your body.
* * * LOW HITPOINT WARNING * * *
The gnoll closely misses you.
Casting: Vampiric Draining (dangerous; 4% risk of failure)
Confirm with . or Enter, or press ? or * to list all spells.
Aiming: Vampiric Draining (dangerous; 4% risk of failure)
Press: ? - help, Shift-Dir - straight line, f/p - gnoll
Aim: a gnoll, wielding a +0 club (moderately wounded)
You draw life force from the gnoll.
You feel life coursing into your body.
* * * LOW HITPOINT WARNING * * *
The gnoll hits you with a +0 club.
You die...

...#_≈§##..##.#...#...##
####8###..####.#.#......
## ####...# ##.......#
.####.....# #.#.###.##
........#.# #.##.# ##
#####...##.#.# #.# #####
#.# #.# ### #.# #@#
####g#### #.......#
#.[........[.
#..#..)#.###.
.............
###..#...#.###
#........# #. ##.....


You could see a gnoll.

Vanquished Creatures
  An orc priest (D:3)
  A gnoll shaman (D:4)
  2 gnolls (D:4)
  7 adders
  3 worms
  5 orcs (D:3)
  3 bats
  3 endoplasms
  3 goblins
  3 hobgoblins
  6 kobolds
  3 quokkas
  8 ball pythons
  2 frilled lizards
  6 rats
56 creatures vanquished.

Notes
Turn   | Place    | Note
-------+----------+-------------------------------------------
     0 | D:1      | lmSkywalker the Djinni Necromancer began the quest for the
                  | Orb.
     0 | D:1      | Reached XP level 1. HP: 15/15 MP: 0/0
   339 | D:1      | Reached XP level 2. HP: 13/21 MP: 0/0
   591 | D:1      | HP: 1/21 [hobgoblin (4)]
   675 | D:1      | HP: 1/21 [hobgoblin (1)]
  1900 | D:2      | Found a faded altar of an unknown god.
  1910 | D:2      | Became a worshipper of Uskayaw the Reveller
  1910 | D:2      | Reached * piety under Uskayaw
  1995 | D:2      | Reached ** piety under Uskayaw
  2087 | D:2      | Reached XP level 3. HP: 16/25 MP: 0/0
  2087 | D:2      | Learned a level 1 spell: Magic Dart
  2097 | D:2      | Reached skill level 4 in Spellcasting
  2098 | D:2      | Reached *** piety under Uskayaw
  2112 | D:2      | Reached **** piety under Uskayaw
  2556 | D:2      | Reached XP level 4. HP: 26/31 MP: 0/0
  3329 | D:3      | Reached XP level 5. HP: 20/35 MP: 0/0
  3329 | D:3      | Learned a level 2 spell: Searing Ray
  3819 | D:3      | Reached skill level 5 in Spellcasting
  4662 | D:4      | Noticed an ogre
  4723 | D:4      | Found Kehizxealo's Assorted Antiques.
  4887 | D:4      | Noticed Edmund
  4959 | D:4      | Found an opulent altar of Gozag.
  4959 | D:4      | Found a sparkling altar of Nemelex Xobeh.
  4959 | D:4      | Found a white marble altar of Elyvilon.
  4992 | D:4      | Reached XP level 6. HP: 26/40 MP: 0/0
  4997 | D:4      | Slain by a gnoll

Illustrated notes

Levels and vault maps discovered:
D:1:      dpeg_arrival_arbitrary_c, layout_basic
D:2:      layout_basic, hellmonk_ecumenical_altar_run_dry,
          minmay_fractal_squares_5
D:3:      layout_loops_cross, roderic_lattice_a
D:4:      layout_loops_corners, gammafunk_temple_overflow_claw, serial_shops,
          shop, uniq_menkaure, uniq_eustachio, uniq_edmund, uniq_blork_the_orc

Skill      XL: |  1  2  3  4  5 |
---------------+----------------+-----
Spellcasting   | 4 5 |  5.3
Dodging        | |  2.1
Stealth        | |  1.5

Action                   |  1- 3 |  4- 6 || total
-------------------------+-------+-------++-------
Melee: Dagger            |    15 |    28 ||    43
 Cast: Pain              |    37 |    46 ||    83
       Animate Skeleton  |     4 |    10 ||    14
       Vampiric Draining |     6 |    14 ||    20
  Use: Potion            |     1 |       ||     1
       Scroll            |       |     5 ||     5
 Stab: Sleeping          |     2 |       ||     2
Armor: Robe              |    19 |     7 ||    26
Dodge: Dodged            |    38 |    27 ||    65

Table legend: (Time is in decaauts)
 A = Elapsed time spent in this place.
 B = Non-inter-level travel time spent in this place.
 C = Inter-level travel time spent in this place.
 D = Time resting spent in this place.
 E = Time spent auto-exploring this place.
 F = Levels seen in this place.
 G = Mean time per level.
                   A        B        C        D        E       F      G
               +--------+--------+--------+--------+--------+-----+--------+
         Total |   4996 |   4878 |    118 |   1273 |   2664 |   4 | 1249.0 |
       Dungeon |   4996 |   4878 |    118 |   1273 |   2664 |   4 | 1249.0 |
               +--------+--------+--------+--------+--------+-----+--------+

Top non-repeatable levels by time:
     D:1: 1805 daAuts
     D:2: 1477 daAuts
     D:3: 1411 daAuts
     D:4: 303 daAuts
